 Dungeon Crawl Stone Soup version 0.17-a0-946-g1856e96 (webtiles) character file.

470 FrankMcFuzz the Gusty (level 7, -5/37 HPs)
             Began as a Tengu Air Elementalist on May 6, 2015.
             Was a Follower of the Shining One.
             Slain by Pikel
             ... wielding a +2 whip of freezing
              (8 damage)
             ... on level 4 of the Dungeon.
             The game lasted 00:31:37 (2563 turns).

FrankMcFuzz the Gusty (Tengu Air Elementalist)      Turns: 2563, Time: 00:31:37

Health: -5/37      AC:  3    Str:  8    XL:     7   Next: 9%
Magic:  15/22      EV: 14    Int: 20    God:    the Shining One [*.....]
Gold:   139        SH:  0    Dex: 14    Spells: 1 memorised, 12 levels left

rFire  . . .     SeeInvis .     h - +0 spear
rCold  . . .     Clarity  .     C - +1 robe
rNeg   . . .     SustAb   .     (no shield)
rPois  .         Gourm    .     (helmet restricted)
rElec  .         Spirit   .     (no cloak)
rCorr  .         Warding  .     (no gloves)
rMut   .         Stasis   .     (boots unavailable)
MR     +....                    f - amulet of regeneration
Stlth  +.........               y - ring of magical power
                                x - ring of protection from magic

@: very slightly contaminated, glowing, somewhat resistant to hostile
enchantments, very unstealthy
A: beak, talons 3, clever 1, able to fly 1
a: Fly, Renounce Religion


You were on level 4 of the Dungeon.
You worshipped the Shining One.
The Shining One was aware of your devotion.
You were not hungry.

You visited 1 branch of the dungeon, and saw 4 of its levels.

You collected 139 gold pieces.

Inventory:

Hand weapons
 g - a +0 short sword
 h - a +0 spear (weapon)
 k - a +4 dagger of venom
Armour
 s - a +0 shield
 C - a +1 robe (worn)
Jewellery
 f - an amulet of regeneration (around neck)
 x - a ring of protection from magic (left hand)
 y - a ring of magical power (right hand)
Magical devices
 A - a wand of teleportation (3)
Scrolls
 l - 3 scrolls of remove curse
Potions
 j - 2 potions of magic
 t - 2 potions of cure mutation
Books
 b - a book of Air

   Spells                             Type                      Level
   a - Shock                          Conjuration/Air              1
   b - Swiftness                      Charms/Air                   2
   c - Repel Missiles                 Charms/Air                   2
   d - Flight                         Charms/Air                   3
   e - Static Discharge               Conjuration/Air              3
   f - Lightning Bolt                 Conjuration/Air              5
Comestibles
 c - 2 bread rations
 i - 2 meat rations


   Skills:
 + Level 0.4 Fighting
 + Level 0.9 Polearms
 + Level 4.6 Dodging
 + Level 2.4 Stealth
 + Level 1.2 Shields
 + Level 3.6 Spellcasting
 + Level 3.1 Conjurations
 + Level 6.2 Air Magic


You had 12 spell levels left.
You knew the following spells:

 Your Spells              Type           Power        Failure   Level  Hunger
a - Shock                 Conj/Air       ###.         1%          1    None


Dungeon Overview and Level Annotations

Branches:
Dungeon (4/15)
 Temple: D:4-7

Altars:
Kikubaaqudgha
Okawaru
Qazlal
Xom
The Shining One

Annotations:
D:4 Pikel


Innate Abilities, Weirdness & Mutations

You have a beak for a mouth.
You have claws for feet.
You can fly.
Your mind is acute. (Int +2)


Message History

Drink which item? (? for menu, Esc to quit)
You feel better. Pikel hits you with a whip of freezing!
* * * LOW HITPOINT WARNING * * *
Pikel freezes you.
* * * LOW HITPOINT WARNING * * *
Casting: Shock
Confirm with . or Enter, or press ? or * to list all spells.
Aiming: Shock
Press: ? - help, Shift-Dir - straight line, f/p - Pikel
Aim: Pikel, wielding a whip of freezing and wearing a robe (severely wounded, haloed)
The zap misses Pikel.
The zap hits the slave.
The slave is heavily wounded.
Pikel hits you with a whip of freezing.
* * * LOW HITPOINT WARNING * * *
Pikel freezes you.
* * * LOW HITPOINT WARNING * * *
You hit Pikel but do no damage. You claw Pikel, but do no damage.
Pikel is severely wounded.
Pikel hits you with a whip of freezing!
You die...

########## ##########
.........######.@Kp[[..#
................######.#**
....(.###+###..## *,,,**
......# #.# #..# *,*,,*
#.....###.###..#
****++****
..#...'.._..'.##
*,,,,,,,,* ,#....#######.#
*,,,,,,,,* ###..)# ###
#)##### *,,*,**,,*
......#######.)...#
*,,,,,*,,*


You could see Pikel and a slave.

Vanquished Creatures
  Sigmund (D:3)
  3 slaves (D:4)
  A scorpion (D:4)
  An orc priest (D:3)
  A worker ant (D:4)
  2 orc wizards
  Robin (D:4)
  5 adders
  An ooze (D:1)
  A worm (D:2)
  9 orcs
  2 ball pythons
  8 giant cockroaches
  10 hobgoblins
  8 kobolds
  3 quokkas
  7 bats
  3 giant geckos
  6 giant newts
  17 goblins
  6 rats
  2 butterflies (D:3)
98 creatures vanquished.

Notes
Turn   | Place    | Note
--------------------------------------------------------------
     0 | D:1      | FrankMcFuzz, the Tengu Air Elementalist, began the quest for the Orb.
     0 | D:1      | Reached XP level 1. HP: 10/10 MP: 4/4
   124 | D:1      | Reached XP level 2. HP: 10/15 MP: 1/6
   837 | D:2      | Reached skill level 5 in Air Magic
   837 | D:2      | Reached XP level 3. HP: 19/19 MP: 2/7
   890 | D:2      | Found a glowing golden altar of the Shining One.
   893 | D:2      | Became a worshipper of the Shining One
  1105 | D:2      | You fall through a shaft!
  1219 | D:2      | Reached XP level 4. HP: 21/24 MP: 3/8
  1471 | D:3      | Noticed Sigmund
  1472 | D:3      | Found a shimmering altar of Xom.
  1491 | D:3      | Killed Sigmund
  1491 | D:3      | Reached skill level 1 in Shields
  1491 | D:3      | Gained mutation: You can fly. [Tengu growth]
  1491 | D:3      | Reached XP level 5. HP: 16/28 MP: 0/10
  1491 | D:3      | Reached XP level 6. HP: 18/33 MP: 0/11
  1957 | D:3      | Reached skill level 6 in Air Magic
  2018 | D:3      | Found an ancient bone altar of Kikubaaqudgha.
  2212 | D:4      | Found an iron altar of Okawaru.
  2332 | D:4      | Acquired the Shining One's first power
  2346 | D:4      | Noticed Robin
  2366 | D:4      | Killed Robin
  2397 | D:4      | Reached XP level 7. HP: 13/37 MP: 9/13
  2440 | D:4      | Gained mutation: Your mind is acute. (Int +2) [potion of beneficial mutation]
  2494 | D:4      | Found a stormy altar of Qazlal.
  2536 | D:4      | Noticed Pikel
  2563 | D:4      | Slain by Pikel

Action                   |  1- 3 |  4- 6 |  7- 9 || total
-------------------------+-------+-------+-------++-------
Melee: Spear             |    71 |    76 |    17 ||   164
 Cast: Shock             |    51 |    78 |    19 ||   148
  Use: Potion            |       |     2 |     8 ||    10
       Scroll            |       |       |     9 ||     9
 Stab: Sleeping          |     2 |       |       ||     2
  Eat: Bread ration      |     1 |       |       ||     1
       Fruit             |       |     2 |     5 ||     7
